 Dungeon Crawl Stone Soup version 0.27-a0-1232-gc6a4cbde82 (webtiles) character file.

Game seed: 11217033776502713850

67 mordus the Cudgeller (level 3, 0/36 HPs)
             Began as a Troll Monk on June 8, 2021.
             Slain by an ogre
             ... wielding a +0 giant club
              (21 damage)
             ... on level 3 of the Dungeon.
             The game lasted 00:02:52 (1677 turns).

mordus the Cudgeller (Troll Monk)                   Turns: 1677, Time: 00:02:53

Health: 0/36       AC:  5    Str: 19    XL:     3   Next: 98%
Magic:  2/2        EV: 10    Int:  6    God:
Gold:   66         SH:  0    Dex: 13    Spells: 2/2 levels left

rFire    . . .     SeeInvis +   a - +0 mace
rCold    . . .     Faith    .   (no shield)
rNeg     . . .     Spirit   .   b - +0 robe
rPois    .         Reflect  .   (helmet restricted)
rElec    .         Harm     .   h - +0 cloak
rCorr    .         Rampage  .   (gloves unavailable)
Will     .....                  (boots unavailable)
Stlth    ++........             (no amulet)
HPRegen  1.12/turn              d - ring of see invisible
MPRegen  0.08/turn              (no ring)

@: no status effects
A: large, unfitting armour, claws 3, regeneration 1, shaggy fur 1, tough skin 1
a: no special abilities


You were on level 3 of the Dungeon.
You visited 1 branch of the dungeon, and saw 3 of its levels.

You collected 66 gold pieces.

Inventory:

Hand Weapons
 a - a +0 mace (weapon)
Armour
 b - a +0 robe (worn)
 h - a +0 cloak (worn)
Jewellery
 d - a ring of see invisible (left claw)
 i - a ring of magical power
Scrolls
 c - 2 scrolls of teleportation {unknown}
 f - 2 scrolls of noise {unknown}
Potions
 e - a potion of mutation {unknown}
 g - 5 potions of curing {unknown}


   Skills:
 - Level 2.4 Fighting
 * Level 3.6 Maces & Flails
 + Level 1.2 Armour
 + Level 2.9 Dodging
 - Level 1.0 Stealth


You had 2 spell levels left.
You didn't know any spells.
Your spell library was empty.

Dungeon Overview and Level Annotations

Branches:
Dungeon (3/15)

Altars:
Yredelemnul


Innate Abilities, Weirdness & Mutations

You are too large for most types of armour.
You have claws for hands.
Your natural rate of healing is unusually fast.
You are covered in fur. (AC +1)
You have tough skin. (AC +1)


Message History

A bat is nearby!
The bat hits you but does no damage.
A bat is nearby!
The bat closely misses you.
You hit the bat.
You kill the bat!
You hear the slow rusting of a drain nearby.
g - 5 bubbling orange potions (gained 1)
An ogre comes into view. It is wielding a +0 giant club.
The ogre shouts!
An ogre is nearby!
An ogre is nearby!
An ogre is nearby!
You hit the ogre.
The ogre is moderately wounded.
The ogre closely misses you.
An ogre is nearby!
You barely miss the ogre.
The ogre is moderately wounded.
The ogre hits you with a +0 giant club!
An ogre is nearby!
You hit the ogre.
The ogre is heavily wounded.
The ogre hits you with a +0 giant club.
You are too injured to fight recklessly!
An ogre is nearby!
You are too injured to fight recklessly!
An ogre is nearby!
You are too injured to fight recklessly!
You sock the ogre!
The ogre is severely wounded.
The ogre hits you but does no damage.
You hit the ogre but do no damage.
The ogre is severely wounded.
The ogre barely misses you.
You hit the ogre.
The ogre is almost dead.
The ogre hits you with a +0 giant club!!
Ouch! That really hurt!
You die...

.. ... ... ... ....#..
....#.. #...... #...... ###
+ ..........O###.####.. ...
....##.....@........# ...
....####.........#.
.#####..............###
.....#........##.....#
.###.#........##.....##...
...#.#....................#
...#.#...................##
_................#.......#
.....##......###.........#


You could see an ogre.

Vanquished Creatures
  An adder (D:2)
  2 worms (D:2)
  A dart slug (D:1)
  3 endoplasms (D:1)
  3 giant cockroaches (D:1)
  4 goblins
  2 hobgoblins
  11 jackals
  3 quokkas
  2 ball pythons
  2 bats (D:3)
  A frilled lizard (D:1)
  5 kobolds
  3 rats
43 creatures vanquished.

Vanquished Creatures (others)
  A fungus (D:1)
1 creature vanquished.

Grand Total: 44 creatures vanquished

Notes
Turn   | Place    | Note
-------+----------+-------------------------------------------
     0 | D:1      | mordus the Troll Monk began the quest for the Orb.
     0 | D:1      | Reached XP level 1. HP: 22/22 MP: 0/0
   378 | D:1      | Reached skill level 3 in Maces & Flails
   378 | D:1      | Reached XP level 2. HP: 28/29 MP: 1/1
   693 | D:1      | Found a faded altar of an unknown god.
   776 | D:2      | Reached XP level 3. HP: 36/36 MP: 2/2
   936 | D:2      | Reached skill level 1 in Armour
  1561 | D:3      | Found a basalt altar of Yredelemnul.
  1668 | D:3      | Noticed an ogre
  1677 | D:3      | Slain by an ogre

Illustrated notes

Levels and vault maps discovered:
D:1:      dpeg_arrival_water_fire, layout_rooms,
          chequers_ecumenical_altar_simple_redux
D:2:      layout_loops_ring, kennysheep_nub
D:3:      layout_basic, nicolae_overflow_crystal_walls,
          ebering_ghost_disaster_area, gup_sewer_entry_bowl

Skill      XL: |  1  2  3 |
---------------+----------+-----
Maces & Flails | 3 |  3.6
Armour         | 1 |  1.2
Fighting       | |  2.4
Dodging        | |  2.9
Stealth        | |  1.0

Action                   || total
-------------------------++-------
Melee: Mace              ||   145
 Stab: Sleeping          ||     1
Armor: Robe              ||    77
Dodge: Dodged            ||   106

Table legend: (Time is in decaauts)
 A = Elapsed time spent in this place.
 B = Non-inter-level travel time spent in this place.
 C = Inter-level travel time spent in this place.
 D = Time resting spent in this place.
 E = Time spent auto-exploring this place.
 F = Levels seen in this place.
 G = Mean time per level.
                   A        B        C        D        E       F      G
               +--------+--------+--------+--------+--------+-----+--------+
         Total |   1710 |   1650 |     60 |      0 |   1320 |   3 |  570.0 |
       Dungeon |   1710 |   1650 |     60 |      0 |   1320 |   3 |  570.0 |
               +--------+--------+--------+--------+--------+-----+--------+

Top non-repeatable levels by time:
     D:1: 750 daAuts
     D:2: 736 daAuts
     D:3: 223 daAuts
